 Dungeon Crawl Stone Soup version 0.31.0-9-g3a7656b989 (webtiles) character file.

Game seed: 11923613540153099773

69 Gottschkopf the Changeling (level 4, -1/35 HPs)
             Began as a Draconian Shapeshifter on Jan 27, 2024.
             Slain by an orc priest
             ... wielding a +0 flail
              (6 damage)
             ... on level 3 of the Dungeon.
             The game lasted 00:03:54 (1069 turns).

Gottschkopf the Changeling (Draconian Shapeshifter) Turns: 1069, Time: 00:03:54

Health: -1/35      AC:  5    Str: 18    XL:     4   Next: 2%
Magic:  4/4        EV: 12    Int: 11    God:
Gold:   98         SH:  0    Dex: 10    Spells: 3/3 levels left

rFire   . . .        p - staff of alchemy
rCold   . . .        (no shield)
rNeg    . . .        (body armour unavailable)
rPois   +            (helmet currently unavailable)
rElec   .            (cloak currently unavailable)
rCorr   .            (gloves currently unavailable)
SInv    .            (boots currently unavailable)
Will    .....        (no amulet)
Stlth   +            m - ring of poison resistance
HPRegen 0.25/turn    (no ring)
MPRegen 0.09/turn

%: no passive effects
@: beast-form
A: beast (slay +2), AC +5, unfitting armour, cold-blooded
a: Begin Untransformation


You were on level 3 of the Dungeon.
You were a hulking beast.
You visited 1 branch of the dungeon, and saw 3 of its levels.

You collected 120 gold pieces.
You spent 22 gold pieces at shops.

Inventory:

Missiles
 o - a throwing net (quivered)
Armour
 d - a +0 pair of boots
Magical Staves
 p - a staff of alchemy (weapon)
Jewellery
 m - a ring of poison resistance (left hand)
Talismans
 b - a beast talisman
 c - a flux talisman
Scrolls
 g - a scroll of teleportation {unknown}
 h - a scroll of silence {unknown}
 i - 2 scrolls of enchant weapon {unknown}
 j - 2 scrolls of fog {unknown}
 l - a scroll of noise {unknown}
Potions
 a - a potion of lignification
 e - a potion of might
 k - a potion of heal wounds
 n - 2 potions of curing


   Skills:
 - Level 1.1 Fighting
 - Level 1.7 Dodging
 - Level 3.0 Unarmed Combat
 + Level 4.6 Shapeshifting


You had 3 spell levels left.
You didn't know any spells.
Your spell library was empty.

Dungeon Overview and Level Annotations

Branches:
Dungeon (3/15)

Altars:

Shops:
D:1 *


Innate Abilities, Weirdness & Mutations

You are a hulking beast.
Your limbs bulge with bestial killing power. (Slay +2)
Your plain brown scales are hard. (AC +5)
You cannot fit into any form of body armour.
You are cold-blooded and may be slowed by cold attacks.


Message History

You hit the orc priest.
The orc priest is heavily wounded.
The orc priest hits you with a +0 flail.
The orc wizard hits you but does no damage.
The orc hits you but does no damage.
You closely miss the orc priest.
The orc priest is heavily wounded.
The orc barely misses you.
The orc priest mumbles some strange prayers to Beogh against you.
Pain shoots through your body! The orc wizard barely misses you.
You barely miss the orc priest.
The orc priest is heavily wounded.
The orc priest hits you but does no damage.
The orc wizard closely misses you. The orc completely misses you.
You bump into the rock wall.
You feel less confused.
The orc priest calls upon Beogh to heal the orc.
The orc's wounds heal themselves!
The orc wizard hits you with a +0 dagger.
The orc hits you with a +0 hand axe.
You completely miss the orc priest. You tail-slap the orc priest.
The orc priest is heavily wounded.
The orc closely misses you.
The orc priest hits you with a +0 flail.
The orc wizard gestures at you while chanting.
The magic dart hits you. The orc hits you but does no damage.
The orc wizard gestures wildly while chanting.
The orc wizard flickers and vanishes!
Deactivating autopickup; reactivate with Ctrl-A.
The orc priest hits you with a +0 flail.
You closely miss the orc priest.
Your tail-slap misses the orc priest.
The orc priest is heavily wounded.
The orc priest mumbles some strange prayers to Beogh against you.
Beogh smites you!
* * * LOW HITPOINT WARNING * * *
Something hits you but does no damage. The orc closely misses you.
You closely miss the orc priest.
Your tail-slap misses the orc priest.
The orc priest is heavily wounded.
The orc priest hits you with a +0 flail.
You die...

#########.#######
#########.#
..........#
#..######## .......#
.......##
........####
...........##########
#...........†.[oh{..#
############...o###.#
####.# #... ####o. ..
#


You could see an orc priest and an orc.

Vanquished Creatures
  3 dart slugs
  7 bats
  5 endoplasms
  2 giant cockroaches
  6 goblins
  4 hobgoblins
  4 jackals (D:1)
  4 kobolds
  4 quokkas
  7 ball pythons
  A frilled lizard (D:2)
  8 rats
55 creatures vanquished.

Notes
Turn   | Place    | Note
-------+----------+-------------------------------------------
     0 | D:1      | Gottschkopf the Draconian Shapeshifter began the quest for
                  | the Orb.
     0 | D:1      | Reached XP level 1. HP: 16/16 MP: 1/1
    79 | D:1      | Reached XP level 2. HP: 21/23 MP: 2/2
   286 | D:1      | Found Qoshrih's General Store.
   292 | D:1      | Bought a scroll of identify for 22 gold pieces
   297 | D:1      | Reached skill level 4 in Shapeshifting
   319 | D:1      | Reached XP level 3. HP: 23/28 MP: 3/3
  1016 | D:3      | Reached XP level 4. HP: 35/35 MP: 4/4
  1069 | D:3      | Slain by an orc priest

Illustrated notes

Levels and vault maps discovered:
D:1:      dpeg_arrival_arbitrary_b, layout_rooms, serial_shops,
          nicolae_shop_just_a_little_nook, chequers_serial_rivers_micro_b
D:2:      layout_basic
D:3:      layout_basic, slow_altar_2, nicolae_elyvilon_peaceful_grove,
          uniq_jessica

Skill      XL: |  1  2 |
---------------+-------+-----
Shapeshifting  | 4 |  4.6
Fighting       | |  1.1
Dodging        | |  1.7
Unarmed Combat | |  3.0

Action                     |  1- 3 |  4- 6 || total
---------------------------+-------+-------++-------
  Melee: Unarmed           |   109 |       ||   109
         Tailslap          |    12 |     1 ||    13
         Staff             |     4 |    10 ||    14
         Punch             |     1 |       ||     1
    Use: Scroll            |       |     3 ||     3
 Armour: Skin              |    49 |    15 ||    64
  Dodge: Dodged            |    85 |    13 ||    98
